 Dungeon Crawl Stone Soup version 0.27-a0-1149-g4505690ab0 (webtiles) character file.

Game seed: 8153384862087116469

4430 robertstho the Thaumaturge (level 10, -1/67 HPs)
             Began as a Djinni Conjurer on May 12, 2021.
             Was an Initiate of Gozag.
             Killed by divine providence
             ... invoked by an orc priest
              (15 damage)
             ... on level 8 of the Dungeon.
             The game lasted 00:21:55 (10295 turns).

robertstho the Thaumaturge (Djinni Conjurer)       Turns: 10295, Time: 00:21:57

Health: -1/67      AC:  9    Str:  6    XL:     10   Next: 62%
Gold:   680        EV: 13    Int: 23    God:    Gozag SH:  0 Dex: 12

rFire    + + .     SeeInvis .   l - +0 dagger (venom)
rCold    . . .     Faith    .   (no shield)
rNeg     + . .     Spirit   .   p - +2 robe of the Guardian {+Blink rElec rN+ Will+}
rPois    ∞         Reflect  .   (no helmet)
rElec    +         Harm     .   m - +0 cloak
rCorr    .         Rampage  .   (no gloves)
Will     ++...                  (boots unavailable)
Stlth    +++.......             (no amulet)
HPRegen  0.21/turn              B - +4 ring of protection
MPRegen  0.00/turn              q - ring of protection from cold

@: flying, invisible
A: sickness immunity, fire resistance 2, cold vulnerability 1, float, innate
caster, hp casting, extra vitality 1
a: Renounce Religion, Evoke Blink, Potion Petition, Call Merchant, Bribe Branch


You were on level 8 of the Dungeon.
You worshipped Gozag.
Gozag was pleased with you.
You visited 2 branches of the dungeon, and saw 9 of its levels.

You collected 803 gold pieces.
You paid 123 gold pieces to Gozag.

Inventory:

Hand Weapons
 b - a +0 dagger
 l - a +0 dagger of venom (weapon)
 o - a +0 falchion
 r - a +3 spear of flaming
 v - a +0 short sword of electrocution
Missiles
 u - 9 curare-tipped darts
Armour
 m - a +0 cloak (worn)
 p - the +2 robe of the Guardian (worn) {+Blink rElec rN+ Will+}
   (You found it on level 4 of the Dungeon)

   It insulates you from electricity.
   It protects you from negative energy.
   It lets you blink.
   It increases your willpower.
Jewellery
 k - a ring of fire
 q - a ring of protection from cold (right hand)
 B - a +4 ring of protection (left hand)
Wands
 e - a wand of paralysis (10)
 s - a wand of acid (13)
 t - a wand of polymorph (12)
 w - a wand of flame (22)
 y - a wand of iceblast (12)
Scrolls
 c - a scroll of torment {unknown}
 d - 4 scrolls of enchant weapon
 g - 2 scrolls of amnesia {unknown}
 j - a scroll of teleportation {unknown}
 n - 5 scrolls of magic mapping {unknown}
Potions
 a - a potion of cancellation
 h - a potion of curing {unknown}
 i - a potion of mutation {unknown}
 x - 2 potions of attraction
 z - 2 potions of brilliance
 A - a potion of lignification {unknown}


   Skills:
 + Level 3.2 Fighting
 + Level 1.3 Long Blades
 + Level 5.1 Dodging
 + Level 5.3 Stealth
 + Level 10.1 Spellcasting
 + Level 0.8 Evocations


You had 6 spell levels left.
You knew the following spells:

 Your Spells              Type           Power      Damage    Failure   Level
a - Magic Dart            Conj           100%       1d8       1%          1
b - Searing Ray           Conj           100%       3d7       1%          2
c - Dazzling Flash        Conj/Hex       100%       N/A       1%          3
d - Fulminant Prism       Conj/Hex       27%        3d14      1%          4
e - Iskenderun's Mystic   Conj/Tloc      55%        2d12      1%          4
f - Shock                 Conj/Air       100%       1d9       1%          1
g - Ensorcelled Hibernat  Hex/Ice        100%       N/A       1%          2
h - Ignite Poison         Fire/Tmut/Pois 55%        N/A       1%          3
i - Summon Guardian Gole  Hex/Summ       55%        N/A       1%          3
Your spell library was empty.

Dungeon Overview and Level Annotations

Branches:
Dungeon (8/15)             Temple (1/1) D:6
   Lair: D:8-11

Altars:
Ashenzari
Cheibriados
Dithmenos
Elyvilon
Fedhas
Gozag
Hepliaklqana
Kikubaaqudgha
Makhleb
Nemelex Xobeh
Okawaru
Qazlal
Ru
Sif Muna
Trog
Vehumet
Wu Jian
Xom
Yredelemnul
The Shining One


Innate Abilities, Weirdness & Mutations

You are immune to sickness and miasma.
You are immune to poison.
Your flesh is very heat resistant. (rF++)
You are vulnerable to cold. (rC-)
You float through the air rather than walking.
You learn spells naturally, not from books.
Your magical power is your life essence.
You have superior vitality. (+4 HP)


Message History

You now have 664 gold pieces (gained 8).
You now have 680 gold pieces (gained 16).
Okay, then.
Found a moonstone ring.
B - a +4 ring of protection You're wearing all the rings you can.
Remove which one? (? for menu, Esc to cancel) < or
k - a ring of fire; > or
q - a ring of protection from cold You remove your ring of fire.
B - a +4 ring of protection (left hand)
Found 17 gold pieces.
An orc priest comes into view. It is wielding a +0 short sword.
The orc priest shouts!
You hear a shout! x2
An orc comes into view. It is wielding a +0 dagger.
An orc and an orc priest come into view.
The orc is wielding a +0 falchion of holy wrath.
The orc priest shouts!
Casting: Searing Ray (safe; 1% risk of failure)
Confirm with . or Enter, or press ? or * to list all spells.
Aiming: Fulminant Prism (dangerous; 1% risk of failure)
Press: ? - help, Dir - move target, f - orc priest
Aim: an orc priest, wielding a +0 short sword and wearing a +0 scale mail You can't place the prism on a creature.
Casting: Fulminant Prism (dangerous; 1% risk of failure)
Confirm with . or Enter, or press ? or * to list all spells.
Aiming: Fulminant Prism (dangerous; 1% risk of failure)
Press: ? - help, Dir - move target, p - orc priest You conjure a prism of explosive energy!
A fulminant prism comes into view.
The orc priest invokes the aid of Beogh against you.
Beogh smites you!
* * * LOW HITPOINT WARNING * * *
You hear a shout!
You fade into invisibility!
You hear an angry hiss.
An orc comes into view. It is wielding a +0 mace.
The orc priest calls down the wrath of Beogh upon you.
Beogh smites you!
You die...
Your body crumbles into a pile of gold.

... ............#
$......
##.......##..#
.......#...##.....###
.......##..##......#
.............#....##
#..... #..........#
#.....##........###
#...............#
##...#.@##.....## ##
#.######### $..


ooo.* #oo... ....... ....... #...... You could see 2 orc priests, 3 orcs and a
friendly fulminant prism.

Vanquished Creatures
  A komodo dragon (D:6)
  2 slime creatures (D:6)
  A wyvern (D:7)
  Menkaure (D:4)
  3 water moccasins
  Duvessa (D:5)
  2 orc warriors (D:6)
  A necrophage (D:2)
  A sky beast (D:6)
  3 black bears
  3 ogres
  A phantom (D:6)
  6 kobold brigands
  Blork the orc (D:6)
  2 bullfrogs
  3 scorpions
  Dowan (D:5)
  A gnoll sergeant (D:5)
  A water moccasin zombie (D:6)
  2 howler monkeys
  2 bullfrog zombies (D:5)
  2 hounds
  9 jellies
  4 centaur skeletons
  3 orc priests
  Crazy Yiuf (D:2)
  Jessica (D:2)
  5 iguanas
  Natasha (D:3)
  4 orc wizards
  A howler monkey zombie (D:7)
  4 adders
  6 gnolls
  2 white imps
  An ufetubus (D:7)
  An adder skeleton (D:4)
  3 worms
  20 orcs
  9 ball pythons
  9 endoplasms
  3 giant cockroaches
  6 goblins
  10 hobgoblins
  16 jackals
  6 quokkas
  4 bats
  4 frilled lizards
  18 kobolds
  7 rats
199 creatures vanquished.

Vanquished Creatures (others)
  65 fulminant prisms
  6 fungi (D:6)
  6 toadstools (D:6)
77 creatures vanquished.

Grand Total: 276 creatures vanquished

Notes
Turn   | Place    | Note
-------+----------+-------------------------------------------
     0 | D:1      | robertstho the Djinni Conjurer began the quest for the Orb.
     0 | D:1      | Reached XP level 1. HP: 15/15 MP: 0/0
   266 | D:1      | Reached XP level 2. HP: 17/21 MP: 0/0
   411 | D:1      | Reached XP level 3. HP: 7/25 MP: 0/0
   411 | D:1      | Learned a level 1 spell: Shock
   732 | D:1      | Reached skill level 4 in Spellcasting
  1542 | D:1      | Reached XP level 4. HP: 29/31 MP: 0/0
  1741 | D:2      | Noticed a necrophage
  1748 | D:2      | Killed a necrophage
  1749 | D:2      | Reached XP level 5. HP: 29/36 MP: 0/0
  1749 | D:2      | Learned a level 2 spell: Ensorcelled Hibernation
  2012 | D:2      | Reached skill level 5 in Spellcasting
  2193 | D:2      | Found a runed translucent door.
  2194 | D:2      | Noticed Crazy Yiuf
  2486 | D:2      | Found a faded altar of an unknown god.
  2541 | D:2      | Noticed Jessica
  2543 | D:2      | Killed Jessica
  2544 | D:2      | Reached XP level 6. HP: 39/41 MP: 0/0
  2671 | D:2      | Killed Crazy Yiuf
  2804 | D:3      | Found a snail-covered altar of Cheibriados.
  3254 | D:3      | Noticed Natasha
  3258 | D:3      | Killed Natasha
  3370 | D:3      | Found a bloodstained altar of Trog.
  3874 | D:4      | Reached XP level 7. HP: 9/46 MP: 0/0
  3874 | D:4      | Learned a level 3 spell: Ignite Poison
  4149 | D:4      | Identified the +2 robe of the Guardian {+Blink rElec rN+
                  | Will+}
  4552 | D:4      | Noticed Menkaure
  4560 | D:4      | Killed Menkaure
  4561 | D:4      | Reached skill level 6 in Spellcasting
  4665 | D:4      | Found a large runed translucent door.
  4665 | D:4      | Found a large runed translucent door.
  4751 | D:4      | Found an iron altar of Okawaru.
  5029 | D:4      | Found a shadowy altar of Dithmenos.
  5045 | D:4      | Found a glowing golden altar of the Shining One.
  5075 | D:5      | Entered Level 5 of the Dungeon
  5081 | D:5      | Reached skill level 1 in Fighting
  5373 | D:5      | Reached XP level 8. HP: 49/52 MP: 0/0
  5544 | D:5      | Noticed Duvessa
  5546 | D:5      | Noticed Dowan
  5551 | D:5      | Killed Duvessa
  5556 | D:5      | Reached skill level 7 in Spellcasting
  5559 | D:5      | Killed Dowan
  6544 | D:5      | Reached XP level 9. HP: 52/58 MP: 0/0
  6544 | D:5      | Learned a level 3 spell: Summon Guardian Golem
  6763 | D:6      | Found a staircase to the Ecumenical Temple.
  6771 | Temple   | Entered the Ecumenical Temple
  6863 | Temple   | Became a worshipper of Gozag Ym Sagoz the Greedy
  7051 | D:6      | Found a shimmering altar of Xom.
  7087 | D:6      | Reached skill level 8 in Spellcasting
  7348 | D:6      | Reached skill level 1 in Long Blades
  7553 | D:6      | Noticed Blork the orc
  7566 | D:6      | Killed Blork the orc
  7736 | D:6      | Noticed a komodo dragon
  7913 | D:6      | Killed a komodo dragon
  8294 | D:6      | Reached skill level 5 in Stealth
  8532 | D:6      | Reached skill level 9 in Spellcasting
  8699 | D:6      | Reached XP level 10. HP: 62/65 MP: 0/0
  9628 | D:7      | Found a blossoming altar of Fedhas.
  9814 | D:7      | Found a burning altar of Makhleb.
 10015 | D:7      | Reached skill level 5 in Dodging
 10167 | D:7      | Reached skill level 10 in Spellcasting
 10295 | D:8      | Killed from afar by an orc priest

Illustrated notes

Levels and vault maps discovered:
D:1:      eino_arrival_cavern_e, layout_basic, minmay_vboxes
D:2:      layout_basic, shapermc_ecumenical_altar_hornbeckon,
          kennysheep_nondescript, uniq_crazy_yiuf_cottage, uniq_jessica
D:3:      layout_basic, lightli_temple_of_fire, lemuel_round_altar, uniq_natasha
D:4:      layout_rooms, jmf_multi_god_temple2, minitemple, serial_corexii_hall,
          corexii_hall_statues_u, chequers_hall_statues_y,
          chequers_hall_statues_wall_a, corexii_hall_statues_l, uniq_menkaure
D:5:      layout_cave_pods, uniq_duvessa
D:6:      cheibrodos_fertilizer, layout_loops_ring, jmf_multi_god_temple,
          temple_statues, uniq_blork_the_orc
D:7:      cheibrodos_barr_body, layout_loops_ring, general_overflow_altar,
          marbit_many_paths
D:8:      layout_cave_pools, enter_ossuary_2,
          minmay_guarded_unrand_staff_of_olgreb, uniq_prince_ribbit1
Temple:   compressed_dpeg_circular_temple

Skill      XL: |  1  2  3  4  5  6  7  8  9 10 |
---------------+-------------------------------+-----
Spellcasting   | 4 5 6 7 9 10 | 10.1
Stealth        | 2 3 5 |  5.3
Fighting       | 1 2 3 |  3.2
Dodging        | 3 4 5 |  5.1
Long Blades    | 1 |  1.3
Evocations     | |  0.8

Action                   |  1- 3 |  4- 6 |  7- 9 | 10-12 || total
-------------------------+-------+-------+-------+-------++-------
Melee: Dagger            |     5 |       |       |     4 ||     9
       Falchion          |       |     2 |       |       ||     2
 Cast: Magic Dart        |    69 |    66 |    11 |       ||   146
       Searing Ray       |       |    22 |    38 |    19 ||    79
       Fulminant Prism   |       |       |    44 |    22 ||    66
Evoke: Wand              |       |       |     1 |       ||     1
  Use: Scroll            |       |       |     5 |     2 ||     7
       Potion            |       |       |       |     1 ||     1
Armor: Robe              |     4 |     5 |     9 |     3 ||    21
Dodge: Dodged            |    13 |    13 |    31 |    13 ||    70
       Rpst.: Falchion   |       |     1 |     2 |       ||     3

Table legend: (Time is in decaauts)
 A = Elapsed time spent in this place.
 B = Non-inter-level travel time spent in this place.
 C = Inter-level travel time spent in this place.
 D = Time resting spent in this place.
 E = Time spent auto-exploring this place.
 F = Levels seen in this place.
 G = Mean time per level.
                   A        B        C        D        E       F      G
               +--------+--------+--------+--------+--------+-----+--------+
         Total |  10291 |  10028 |    263 |   1283 |   7566 |   9 | 1143.4 |
       Dungeon |  10183 |   9936 |    247 |   1283 |   7492 |   8 | 1272.9 |
        Temple |    107 |     92 |     15 |      0 |     74 |   1 |  107.0 |
               +--------+--------+--------+--------+--------+-----+--------+

Top non-repeatable levels by time:
     D:6: 2349 daAuts
     D:5: 1686 daAuts
     D:1: 1609 daAuts
     D:2: 1176 daAuts
     D:3: 1175 daAuts
     D:4: 1112 daAuts
     D:7: 1044 daAuts
  Temple: 107 daAuts
     D:8: 28 daAuts
